 Dungeon Crawl Stone Soup version 0.28-a0-1184-g53156a8862 (webtiles) character file.

Game seed: 12153294407365564829

74 leviel the Covered (level 4, 0/40 HPs)
             Began as a Hill Orc Fighter on Dec 18, 2021.
             Slain by a wyvern zombie (11 damage)
             ... on level 3 of the Dungeon.
             The game lasted 00:01:44 (1774 turns).

leviel the Covered (Hill Orc Fighter)               Turns: 1774, Time: 00:01:45

Health: 0/40       AC:  7    Str: 18    XL:     4   Next: 30%
Magic:  4/4        EV:  9    Int:  8    God:
Gold:   160        SH:  4    Dex: 12    Spells: 3/3 levels left

rFire   . . .      SeeInvis .   a - +0 war axe
rCold   . . .      Faith    .   c - +0 buckler
rNeg    . . .      Spirit   .   b - +0 scale mail
rPois   .          Reflect  .   (no helmet)
rElec   .          Harm     .   (no cloak)
rCorr   .          Rampage  .   (no gloves)
Will    .....                   (no boots)
Stlth   ..........              (no amulet)
HPRegen 0.13/turn               (no ring)
MPRegen 0.09/turn               (no ring)

@: no status effects
A: no striking features
a: no special abilities


You were on level 3 of the Dungeon.
You visited 1 branch of the dungeon, and saw 3 of its levels.

You collected 160 gold pieces.

Inventory:

Hand Weapons
 a - a +0 war axe (weapon)
Armour
 b - a +0 scale mail (worn)
 c - a +0 buckler (worn)
Scrolls
 e - a scroll of teleportation {unknown}
 f - a scroll of fog {unknown}
 g - a scroll of magic mapping {unknown}
 h - a scroll of amnesia {unknown}
 k - a scroll of enchant weapon {unknown}
Potions
 d - a potion of might
 i - a potion of lignification {unknown}
 j - a potion of attraction {unknown}


   Skills:
 + Level 4.1 Fighting
 + Level 3.8 Axes
 + Level 4.2 Armour
 + Level 0.1 Dodging
 + Level 3.6 Shields


You had 3 spell levels left.
You didn't know any spells.
Your spell library contained the following spells:

 Spells                   Type           Power      Damage    Failure   Level
 Animate Skeleton         Necr           0%         N/A       80%         1
 Apportation              Tloc           0%         N/A       80%         1
 Pain                     Necr           0%         1d4       80%         1
 Summon Small Mammal      Summ           0%         N/A       80%         1
 Ensorcelled Hibernation  Hex/Ice        0%         N/A       91%         2
 Spider Form              Tmut/Pois      0%         N/A       99%         3
 Vampiric Draining        Necr           0%         2d6       99%         3


Dungeon Overview and Level Annotations

Branches:
Dungeon (3/15)

Altars:


Message History

You are too injured to fight recklessly!
You are too injured to fight recklessly!
You are too injured to fight recklessly!
You are too injured to fight recklessly!
You are too injured to fight recklessly!
You are too injured to fight recklessly!
You hit the wyvern zombie.
The wyvern zombie is moderately damaged.
You block the wyvern zombie's attack. The wyvern zombie bites you.
You slash the wyvern zombie!
The wyvern zombie is heavily damaged.
You block the wyvern zombie's attack.
The wyvern zombie completely misses you.
You hit the wyvern zombie.
The wyvern zombie is heavily damaged.
The wyvern zombie bites you!
* * * LOW HITPOINT WARNING * * *
The wyvern zombie bites you but does no damage.
You hit the wyvern zombie but do no damage.
The wyvern zombie is heavily damaged.
The wyvern zombie closely misses you.
You hit the wyvern zombie but do no damage.
The wyvern zombie is heavily damaged.
The wyvern zombie bites you.
* * * LOW HITPOINT WARNING * * *
The wyvern zombie closely misses you.
You hit the wyvern zombie.
The wyvern zombie is severely damaged.
The wyvern zombie barely misses you. The wyvern zombie closely misses you.
You completely miss the wyvern zombie.
The wyvern zombie is severely damaged.
The wyvern zombie barely misses you.
The wyvern zombie bites you but does no damage.
You hit the wyvern zombie.
The wyvern zombie is severely damaged.
You block the wyvern zombie's attack.
You hit the wyvern zombie but do no damage.
The wyvern zombie is severely damaged.
The wyvern zombie bites you!
You die...

..........# ........#
#!... ........# #....
........# #....
........# #....####
###.....####.......#
#.................#
#.#########....Z..# #.#
#.....#.###@..##### #.#
#.###.#.##.........
#.###.#)..#............
#...#.#.###.##.........
###.#........+.........
#.###.###.##.........
#.....# #.##.........
####### #.#########..
#.. ..


You could see a wyvern zombie.

Vanquished Creatures
  An adder (D:2)
  A worm (D:2)
  A dart slug (D:1)
  5 orcs (D:3)
  5 bats
  9 endoplasms
  3 giant cockroaches
  3 goblins
  2 hobgoblins (D:1)
  4 jackals (D:1)
  2 quokkas (D:1)
  3 ball pythons
  A frilled lizard (D:1)
  2 kobolds (D:1)
  8 rats
50 creatures vanquished.

Notes
Turn   | Place    | Note
-------+----------+-------------------------------------------
     0 | D:1      | leviel the Hill Orc Fighter began the quest for the Orb.
     0 | D:1      | Reached XP level 1. HP: 19/19 MP: 1/1
   274 | D:1      | Reached XP level 2. HP: 23/27 MP: 2/2
   460 | D:1      | Reached XP level 3. HP: 31/33 MP: 3/3
  1069 | D:2      | Reached XP level 4. HP: 40/40 MP: 4/4
  1774 | D:3      | Slain by a wyvern zombie

Illustrated notes

Levels and vault maps discovered:
D:1:      elethiomel_arrival_quiet, layout_loops_cross
D:2:      layout_basic, corexii_corridor_pit
D:3:      layout_basic, dreamdust_ecumenical_altar_angels_and_demons,
          uniq_jessica

Skill      XL: |  1  2  3 |
---------------+----------+-----
Axes           | 3 |  3.8
Armour         | 4 |  4.2
Fighting       | 4 |  4.1
Dodging        | |  0.1
Shields        | |  3.6

Action                   |  1- 3 |  4- 6 || total
-------------------------+-------+-------++-------
Melee: War axe           |    83 |    44 ||   127
Armor: Scale mail        |    43 |    15 ||    58
Dodge: Dodged            |    40 |    25 ||    65
Block: Buckler           |    19 |    12 ||    31

Table legend: (Time is in decaauts)
 A = Elapsed time spent in this place.
 B = Non-inter-level travel time spent in this place.
 C = Inter-level travel time spent in this place.
 D = Time resting spent in this place.
 E = Time spent auto-exploring this place.
 F = Levels seen in this place.
 G = Mean time per level.
                   A        B        C        D        E       F      G
               +--------+--------+--------+--------+--------+-----+--------+
         Total |   1818 |   1787 |     31 |      0 |   1482 |   3 |  606.0 |
       Dungeon |   1818 |   1787 |     31 |      0 |   1482 |   3 |  606.0 |
               +--------+--------+--------+--------+--------+-----+--------+

Top non-repeatable levels by time:
     D:1: 988 daAuts
     D:2: 610 daAuts
     D:3: 219 daAuts
